 Dungeon Crawl Stone Soup version 0.28.0-45-g0d030f2227 (webtiles) character file.

Game seed: 4314820928175771085

514275 protoss039 the Slayer (level 24, -4/208 HPs)
             Began as a Demonspawn Earth Elementalist on May 20, 2022.
             Was the Champion of Vehumet.
             Slain by Mennas
             ... wielding a +1 trishula of holy wrath
              (26 damage)
             ... on level 5 of the Vaults.
             The game lasted 04:18:14 (75131 turns).

protoss039 the Slayer (DsEE)                       Turns: 75131, Time: 04:18:15

Health: -4/208     AC: 21    Str:  5    XL:     24   Next: 43%
Magic:  0/66       EV: 15    Int: 48    God:    Vehumet [******]
Gold:   4137       SH:  8    Dex: 16    Spells: 9/64 levels left

rFire   + . .      SeeInvis +   d - +3 short sword "Beetleslayer" {freeze, rC+ Will+ Int+4}
rCold   + + +      Faith    .   Q - +2 buckler
rNeg    + . .      Spirit   +   p - quicksilver dragon scales "Edaevor" {Will+ MP+9 SInv}
rPois   +          Reflect  .   W - +3 hat of Pondering {ponderous, Will+ MP+10 Int+5}
rElec   .          Harm     .   (cloak unavailable)
rCorr   +          Rampage  .   a - +0 pair of gloves "Mostrus" {rPois rF+ Regen+}
Will    ++++.                   K - +0 pair of boots
Stlth   +.........              X - amulet "Zad Icoo" {Acrobat Fly rN+}
HPRegen 1.24/turn               f - ring of Egeewuo {Wiz rPois rC+ Str-5 Int+8}
MPRegen 0.80/turn               c - ring of Xaotsup {rC+ rCorr Slay+3}

@: mighty, agile, flying, glowing, studying Throwing, silenced, slow
A: powered by pain 2, magic shield, magic regeneration, magic link, black mark,
big brain 3, bedeviling, aura of silence, weakness stinger 3
}: 2/15 runes: serpentine, barnacled
a: Renounce Religion


You were on level 5 of the Vaults.
You worshipped Vehumet.
Vehumet was exalted by your worship.
You visited 10 branches of the dungeon, and saw 47 of its levels.
You visited 1 bazaar.
You also visited: Sewer and Gauntlet.

You collected 7468 gold pieces.
You spent 3331 gold pieces at shops.

Inventory:

Hand Weapons
 d - the +3 short sword "Beetleslayer" (weapon) {freeze, rC+ Will+ Int+4}
   (You found it on level 3 of the Elven Halls)

   It freezes those it strikes, dealing additional cold damage.
   It can also slow down cold-blooded creatures.
   Int:       It affects your intelligence (+4).
   rC:        It protects you from cold.
   Will:      It increases your willpower.
 s - the +8 morningstar of the Disturbing Xalams {spect, rN+++ Will- MP+9 Dex+6}
   (You found it on level 15 of the Dungeon)

   When its wielder attacks, the weapon's spirit leaps out and strikes again.
   The spirit shares a part of any damage it takes with its wielder.
   Dex:       It affects your dexterity (+6).
   rN:        It renders you almost immune to negative energy.
   MP:        It affects your magic capacity (+9).
   Will:      It decreases your willpower.
 P - the +7 scimitar "Nevaupir" {vorpal, rF+ rC+}
   (You found it on level 4 of the Shoals)

   It inflicts extra damage upon your enemies.
   rF:        It protects you from fire.
   rC:        It protects you from cold.
 Z - the +7 broad axe of Cyvesk {chaos, rCorr Int+2}
   (You took it off a deep elf zephyrmancer on level 3 of the Elven Halls)

   Each time it hits an enemy it has a different, random effect.
   Int:       It affects your intelligence (+2).
   rCorr:     It protects you from acid and corrosion.
Missiles
 k - 15 silver javelins
 B - 4 throwing nets
Armour
 a - the +0 pair of gloves "Mostrus" (worn) {rPois rF+ Regen+}
   (You bought it in a shop on level 3 of the Elven Halls)

   rF:        It protects you from fire.
   rPois:     It protects you from poison.
   Regen:     It increases your rate of health regeneration.
 p - the quicksilver dragon scales "Edaevor" (worn) {Will+ MP+9 SInv}
   (You bought it in a shop on level 4 of the Dungeon)

   MP:        It affects your magic capacity (+9).
   SInv:      It lets you see invisible.
   Will:      It increases your willpower.
 K - a +0 pair of boots (worn)
 Q - a +2 buckler (worn)
 W - the +3 hat of Pondering (worn) {ponderous, Will+ MP+10 Int+5}
   (You took it off Gastronok on level 3 of the Lair of Beasts)

   Int:       It affects your intelligence (+5).
   MP:        It affects your magic capacity (+10).
   Will:      It increases your willpower.
Magical Staves
 h - a staff of earth
Jewellery
 c - the ring of Xaotsup (right hand) {rC+ rCorr Slay+3}
   (You found it on level 5 of the Vaults)

   [ring of resist corrosion]

   Slay:      It affects your accuracy & damage with ranged weapons and melee
   (+3).
   rC:        It protects you from cold.
   rCorr:     It protects you from acid and corrosion.
 f - the ring of Egeewuo (left hand) {Wiz rPois rC+ Str-5 Int+8}
   (You bought it in a shop in a bazaar)

   [ring of wizardry]

   It improves your spell success rate.
   Str:       It affects your strength (-5).
   Int:       It affects your intelligence (+8).
   rC:        It protects you from cold.
   rPois:     It protects you from poison.
 n - the ring of Spite {rC+ Int+3 Dex+2}
   (You found it on level 5 of the Vaults)

   [ring of protection from cold]

   Int:       It affects your intelligence (+3).
   Dex:       It affects your dexterity (+2).
   rC:        It protects you from cold.
 w - the ring "Qeh Sad" {Ice rPois rN+++ Str-3 SInv}
   (You found it on level 3 of the Crypt)

   [ring of ice]

   It enhances your ice magic.
   Str:       It affects your strength (-3).
   rF:        It makes you vulnerable to fire.
   rC:        It protects you from cold.
   rPois:     It protects you from poison.
   rN:        It renders you almost immune to negative energy.
   SInv:      It lets you see invisible.
 y - the amulet of Gluttony {RegenMP rC++ Will- Dex+2}
   (You took it off a hell knight on level 3 of the Depths)

   [amulet of magic regeneration]

   It increases your rate of magic regeneration.
   Dex:       It affects your dexterity (+2).
   rC:        It greatly protects you from cold.
   Will:      It decreases your willpower.
 D - a +4 ring of protection
 O - a ring of protection from fire
 T - a ring of willpower
 X - the amulet "Zad Icoo" (around neck) {Acrobat Fly rN+}
   (You found it in a Gauntlet)

   [amulet of the acrobat]

   It increases your evasion while moving and waiting.
   rN:        It protects you from negative energy.
   Fly:       It grants you flight.
Wands
 u - a wand of digging (24)
 v - a wand of iceblast (10)
 R - a wand of acid (12)
Scrolls
 b - a scroll of amnesia
 e - 13 scrolls of enchant weapon
 j - a scroll of torment
 l - 13 scrolls of fog
 m - 4 scrolls of silence
 o - 2 scrolls of fear
 q - 3 scrolls of teleportation
 t - 2 scrolls of summoning
 z - 9 scrolls of magic mapping
 E - 7 scrolls of immolation
 F - 5 scrolls of brand weapon
 G - 10 scrolls of enchant armour
Potions
 g - 4 potions of brilliance
 i - 5 potions of resistance
 x - 12 potions of might
 A - 9 potions of mutation
 C - 4 potions of ambrosia
 H - 3 potions of magic
 I - 3 potions of haste
 J - 15 potions of curing
 L - 5 potions of heal wounds
 N - a potion of cancellation
 U - 6 potions of lignification
Miscellaneous
 S - a condenser vane
 V - a phantom mirror


   Skills:
 - Level 21.0 Fighting
 + Level 14.1 Armour
 - Level 3.0 Dodging
 - Level 3.0 Stealth
 - Level 9.0 Shields
 + Level 20.8 Spellcasting
 - Level 15.0 Conjurations
 - Level 17.2 Necromancy
 - Level 10.6 Transmutations
 - Level 3.0 Fire Magic
 * Level 15.6 Earth Magic


You had 9 spell levels left.
You knew the following spells:

 Your Spells              Type           Power      Damage    Failure   Level
a - Necromutation         Tmut/Necr      55%        N/A       7%          8
b - Passwall              Tmut/Erth      90%        N/A       0%          2
c - Stone Arrow           Conj/Erth      100%       3d13      0%          3
d - Swiftness             Air            49%        N/A       1%          3
e - Iskenderun's Mystic   Conj/Tloc      89%        2d17      1%          4
g - Shatter               Erth           58%        3d43*     21%         9
h - Freezing Cloud        Conj/Ice/Air   39%        6-21      1%          5
i - Orb of Destruction    Conj           57%        9d14      1%          7
j - Iron Shot             Conj/Erth      57%        9d11      1%          6
k - Lehudib's Crystal Sp  Conj/Erth      57%        10d13     1%          8

Your spell library contained the following spells:

 Spells                   Type           Power      Damage    Failure   Level
 Chain Lightning          Conj/Air       44%        3d59      98%         9
 Maxwell's Capacitive Co  Air            24%        ∞         99%         8
 Animate Skeleton         Necr           100%       N/A       0%          1
 Beastly Appendage        Tmut           100%       N/A       0%          1
 Magic Dart               Conj           100%       1d8       0%          1
 Pain                     Necr           100%       1d9       0%          1
 Sandblast                Erth           100%       2d20      0%          1
 Searing Ray              Conj           100%       2d8       0%          2
 Vampiric Draining        Necr           100%       2d13      0%          3
 Dispel Undead            Necr           100%       3d31      0%          4
 Foxfire                  Conj/Fire      100%       2x1d9     1%          1
 Freeze                   Ice            100%       1d11      1%          1
 Shock                    Conj/Air       100%       1d9       1%          1
 Sting                    Tmut/Pois      100%       1d8       1%          1
 Blink                    Tloc           98%        N/A       1%          2
 Call Imp                 Summ           49%        N/A       1%          2
 Ensorcelled Hibernation  Hex/Ice        100%       N/A       1%          2
 Static Discharge         Conj/Air       89%        N/A       1%          2
 Conjure Flame            Conj/Fire      94%        6-21      1%          3
 Dazzling Flash           Conj/Hex       100%       N/A       1%          3
 Frozen Ramparts          Ice            98%        1d11      1%          3
 Gell's Gravitas          Tloc           49%        N/A       1%          3
 Ignite Poison            Fire/Tmut/Pois 76%        N/A       1%          3
 Inner Flame              Hex/Fire       77%        N/A       1%          3
 Lesser Beckoning         Tloc           49%        N/A       1%          3
 Mephitic Cloud           Conj/Pois/Air  78%        N/A       1%          3
 Ozocubu's Armour         Ice            49%        N/A       1%          3
 Portal Projectile        Hex/Tloc       100%       N/A       1%          3
 Spider Form              Tmut/Pois      79%        N/A       1%          3
 Teleport Other           Tloc           49%        N/A       1%          3
 Airstrike                Air            24%        N/A       1%          4
 Anguish                  Hex/Necr       57%        N/A       1%          4
 Animate Armour           Summ/Erth      100%       N/A       1%          4
 Flame Wave               Conj/Fire      94%        2d16      1%          4
 Fulminant Prism          Conj/Hex       55%        3d25      1%          4
 Hailstorm                Conj/Ice       89%        3d18      1%          4
 Ice Form                 Ice/Tmut       79%        N/A       1%          4
 Petrify                  Tmut/Erth      100%       N/A       1%          4
 Sticky Flame             Conj/Fire      94%        2d10      1%          4
 Agony                    Necr           100%       N/A       1%          5
 Blade Hands              Tmut           50%        N/A       1%          5
 Excruciating Wounds      Necr           60%        N/A       1%          5
 Fireball                 Conj/Fire      47%        3d19      1%          5
 Irradiate                Conj/Tmut      53%        3d31      1%          5
 Iskenderun's Battlesphe  Conj           100%       2d15      1%          5
 Lightning Bolt           Conj/Air       44%        1d64      1%          5
 Conjure Ball Lightning   Conj/Air       44%        3x3d15    1%          6
 Simulacrum               Ice/Necr       46%        N/A       1%          6
 Starburst                Conj/Fire      47%        6d13      1%          6
 Statue Form              Tmut/Erth      72%        N/A       1%          6
 Borgnjor's Revivificati  Necr           60%        N/A       1%          8
 Cause Fear               Hex            33%        N/A       3%          4
 Dragon Form              Tmut           50%        N/A       4%          7
 Manifold Assault         Tloc           49%        N/A       10%         5
 Silence                  Hex/Air        33%        N/A       10%         5
 Summon Forest            Summ/Tloc      24%        N/A       10%         5
 Summon Mana Viper        Hex/Summ       66%        N/A       10%         5
 Death's Door             Necr           60%        N/A       26%         9
 Storm Form               Tmut/Air       39%        N/A       28%         7
 Dispersal                Tloc           24%        N/A       41%         6
 Summon Cactus Giant      Summ           24%        N/A       41%         6
 Ozocubu's Refrigeration  Ice            24%        4d9       65%         7
 Ignition                 Fire           34%        3d10      86%         8
 Disjunction              Tloc           24%        N/A       100%        8
 Dragon's Call            Summ           24%        N/A       100%        9


Dungeon Overview and Level Annotations

Branches:
Dungeon (15/15)            Temple (1/1) D:4            Lair (6/6) D:11
 Shoals (4/4) Lair:3        Snake (4/4) Lair:2        Slime (0/5) Lair:6
    Orc (2/2) D:9             Elf (3/3) Orc:2        Vaults (5/5) D:13
  Crypt (3/3) Vaults:2       Tomb (0/3) Crypt:3      Depths (4/4) D:15
    Zot (0/5) Depths:4      Sewer (visited)         Gauntlet (visited)

Altars:
Ashenzari
Cheibriados
Elyvilon
Fedhas
Gozag
Hepliaklqana
Kikubaaqudgha
Makhleb
Nemelex Xobeh
Okawaru
Qazlal
Ru
Sif Muna
Trog
Uskayaw
Vehumet
Wu Jian
Xom
Yredelemnul
Zin
The Shining One
Jiyva
Lugonu

Shops:
D:2 (   D:4 [   D:8 *   D:11 (   D:12 *   D:13 (   D:14 (   Orc:2 ?:*[
Elf:2 (   Elf:3 [   Shoals:4 *=*   Snake:1 *   Snake:2 :

Portals:
Hell: Depths:1 Depths:2 Depths:3 Depths:4
Abyss: Lair:6 Depths:2 Depths:3
Pandemonium: Depths:2
Ziggurat: Depths:2
Trove: Depths:1 (give 8 scrolls of blinking)

Annotations:
Lair:6 1 runed translucent door
Vaults:5 Mennas


Innate Abilities, Weirdness & Mutations

You sometimes gain power by taking damage.
When hurt, damage is shared between your health and your magic reserves.
You regenerate magic rapidly.
When low on magic, you restore magic in place of health.
Your melee attacks may debilitate your foes.
You have an absolutely massive brain. (Int +6, Wiz)
Your hexes are more powerful.
You are surrounded by an aura of silence.
You have a sharp stinger which inflicts weakening toxins.


Message History

Your ettin's corpse dissolves into shadows!
Your ogre hits your two-headed ogre with a +0 giant club!
Unknown command.
Unknown command.
Unknown command.
Unknown command.
Unknown command.
Unknown command.
Your ogre hits your two-headed ogre with a +0 giant club!
Your ogre mage misses Mennas.
Mennas completely misses you.
Mennas hits you from afar with a +1 trishula of holy wrath.
* * * LOW HITPOINT WARNING * * *
You convulse.
* * * LOW HITPOINT WARNING * * *
Unknown command.
Unknown command.
Unknown command.
Unknown command.
Are you sure you want to stumble around while confused and next to your ogre mage?
Okay, then.
Are you sure you want to stumble around while confused and next to your ogre mage?
You bump into the heavily etched metal wall.
Mennas hits you from afar with a +1 trishula of holy wrath!!
* * * LOW HITPOINT WARNING * * *
You convulse!
* * * LOW HITPOINT WARNING * * *
Mennas hits you from afar with a +1 trishula of holy wrath!!
* * * LOW HITPOINT WARNING * * *
You convulse!
* * * LOW HITPOINT WARNING * * *
Your ogre hits you but does no damage. Mennas blocks your ogre mage's attack.
Unknown command.
Unknown command.
Unknown command.
Unknown command.
You are too confused!
You feel better.
You feel less invigorated.
Your ogre mage seems less confused.
Your ogre seems less confused. x2
Mennas hits you from afar with a +1 trishula of holy wrath!!!
You die...

#))#.#.# ##....?.
#..##.#####.....[.
#.§#.#.#.#......})
#..##.#.#.#...})†.
#..#$#.#.#.......(
#..##.#####..."...
#A.#.# ##.....(
#OO## ##..... #@.#
###... #OO# #.#.
#OO# ##.# #..# #.
#..# # #... #...
#....


You could see Mennas (strong, silencing, ally target), 3 friendly two-headed
ogres, a friendly ogre mage (summoned) and 2 friendly ogres.

Vanquished Creatures
  2 dread liches
  Mara (Vaults:4)
  Sojobo (Depths:2)
  Bai Suzhen (Vaults:4)
  11 caustic shrikes
  Vashnia (Snake:3)
  Saint Roka (Depths:3)
  Xtahua (Depths:3)
  3 golden dragons
  Nikola (Snake:2)
  A bone dragon (Depths:4)
  2 hellephants (Vaults:4)
  Asterion (Snake:3)
  4 liches
  3 deep elf blademasters
  A titan (Vaults:5)
  A walking frostbound tome (Depths:2)
  2 krakens
  An acid blob (shapeshifter) (Depths:2)
  Gastronok (Lair:3)
  A deep elf master archer (Elf:3)
  Polyphemus (Shoals:2)
  3 ancient champions (Crypt:2)
  4 sphinxes
  4 tengu reavers
  A shadow dragon (Depths:3)
  Roxanne (Snake:3)
  Kirke (Snake:1)
  A draconian monk (Depths:4)
  7 frost giants
  A revenant (Crypt:3)
  7 nagarajas (Snake:4)
  6 fire giants
  Ilsuiw (Shoals:4)
  Aizul (Shoals:1)
  16 vault wardens
  7 deep elf sorcerers
  A balrug (Depths:3)
  A juggernaut zombie (Depths:1)
  6 ghouls
  4 spectral caustic shrikes (Depths:2)
  A draconian stormcaller (Depths:4)
  2 caustic shrike skeletons
  Louise (Snake:4)
  2 spriggan defenders
  7 ironbound thunderhulks
  2 deep elf elementalists (Elf:3)
  16 ironbound preservers
  17 very ugly things
  3 war gargoyles (Crypt:3)
  A stone giant (shapeshifter) (Depths:3)
  11 stone giants
  A curse skull (Crypt:3)
  A juggernaut skeleton (Crypt:3)
  2 black draconians (Depths:4)
  5 vampire knights (Depths:3)
  6 deep elf demonologists
  A red draconian (Depths:4)
  A minotaur (Gauntlet)
  2 entropy weavers
  6 spark wasps
  16 dire elephants
  A yellow draconian (Depths:4)
  9 deep elf annihilators
  4 deep elf death magi
  6 eidola
  10 merfolk impalers
  Snorg (D:14)
  A mummy priest (Crypt:3)
  5 ettins
  3 merfolk javelineers
  13 yaktaur captains
  11 great orbs of eyes
  Josephine (Lair:6)
  15 jiangshi
  6 rakshasas
  2 spriggan zombies
  34 vault guards
  5 hydras
  5 fire dragons
  3 deep elf high priests (Elf:3)
  An ice dragon (shapeshifter) (Depths:2)
  4 ice dragons
  2 salamander tyrants (Snake:4)
  8 boulder beetles
  14 naga warriors
  3 spriggan skeletons
  A catoblepas (Shoals:2)
  2 merfolk aquamancers (Shoals:4)
  A two-headed ogre (shapeshifter) (Depths:2)
  9 centaur warriors
  2 merfolk avatars (Shoals:2)
  9 spriggan air magi
  A death knight (Crypt:2)
  9 ironbound frosthearts
  An anaconda (shapeshifter) (Depths:2)
  A catoblepas (shapeshifter) (Depths:2)
  22 dancing weapons
  An alligator snapping turtle (Shoals:2)
  10 anacondas
  3 two-headed ogres
  An alligator (shapeshifter) (Depths:3)
  3 tengu warriors
  5 death yaks
  5 deep troll earth magi
  3 deep troll shamans
  5 orc high priests
  10 spriggan berserkers
  10 vampire magi
  3 thrashing horrors (Lair:6)
  32 naga sharpshooters
  A shock serpent (shapeshifter) (Depths:2)
  22 deep elf knights
  2 soul eaters
  2 spriggans (Depths:4)
  7 shock serpents
  29 hell knights
  A sun demon (Depths:3)
  2 titan skeletons
  30 skeletal warriors
  An iron troll (Depths:1)
  6 salamander mystics
  An entropy weaver zombie (Crypt:2)
  2 shadow wraiths
  A goliath frog (shapeshifter) (Depths:2)
  18 sea snakes
  10 flayed ghosts
  16 deep elf archers
  A deep troll (shapeshifter) (Vaults:5)
  17 ironbound convokers
  A sea snake (shapeshifter) (Depths:4)
  A tengu zombie (Crypt:2)
  4 glowing orange brains
  8 lindwurms
  42 deep trolls
  9 necromancers
  3 orc knights
  A bog body (Crypt:1)
  14 wizards
  21 harpies
  An iron dragon zombie (Crypt:1)
  A fenstrider witch simulacrum (Crypt:1)
  An orange crystal statue (Depths:2)
  26 deep elf pyromancers
  7 naga ritualists
  An anaconda skeleton (Crypt:2)
  22 phantasmal warriors
  An oklob plant (Lair:4)
  2 wolf spiders
  48 ugly things
  A fire giant zombie (D:15)
  19 deep elf zephyrmancers
  6 mana vipers
  5 orc sorcerers
  7 fauns (Shoals:1)
  3 shadow dragon skeletons
  10 cyclopes
  10 elephants
  53 black mambas
  15 salamanders
  16 merfolk sirens
  13 manticores
  3 water nymphs
  Joseph (Lair:1)
  8 fire giant skeletons (Crypt:3)
  4 guardian serpents
  15 vault sentinels
  17 naga magi
  An apocalypse crab (Gauntlet)
  6 gargoyles
  11 cane toads
  2 torpor snails (Lair:2)
  An unseen horror (shapeshifter) (Elf:2)
  A rime drake (shapeshifter) (Depths:2)
  A cane toad (shapeshifter) (Depths:2)
  3 smoke demons
  A komodo dragon (shapeshifter) (D:13)
  An unseen horror (D:12)
  4 rime drakes
  8 komodo dragons
  A kobold demonologist (D:12)
  2 naga skeletons (Crypt:3)
  A minotaur zombie (Crypt:2)
  4 freezing wraiths
  3 ancient zymes (Lair:6)
  2 tengu conjurers
  An efreet (D:13)
  33 yaktaurs
  A red draconian skeleton (Crypt:2)
  23 merfolk
  A guardian mummy (Crypt:3)
  A harpy zombie (Crypt:1)
  An iron troll skeleton (Crypt:1)
  2 trolls (Orc:1)
  2 hornets (Depths:4)
  A meliai (shapeshifter) (Lair:6)
  A tarantella (Vaults:4)
  A polar bear (Lair:3)
  2 harpy skeletons (Crypt:3)
  A fire dragon zombie (Crypt:1)
  2 tarantellas (shapeshifter) (Depths:2)
  A hydra skeleton (Crypt:3)
  6 wind drakes
  18 slime creatures
  27 blink frogs
  9 snapping turtles
  A stone giant simulacrum (Crypt:2)
  A satyr zombie (Crypt:1)
  2 centaur simulacra
  8 fire dragon skeletons (Crypt:3)
  5 shadows (Crypt:3)
  2 vampires
  An air elemental (Elf:2)
  34 yaks
  4 wyverns
  11 wraiths
  2 fire elementals
  The ghost of Seraphu the Covert, an amateur GnDe (D:4)
  A human (D:9)
  9 basilisks
  An ushabti (Crypt:3)
  3 fire bats (Depths:3)
  13 water elementals
  6 hogs (Snake:1)
  Menkaure (D:5)
  2 redbacks
  10 vampire mosquitoes
  A redback (shapeshifter) (Depths:2)
  4 chaos spawn
  9 wargs
  A swamp worm (shapeshifter) (Depths:2)
  8 water moccasins
  58 nagas
  A human zombie (Depths:1)
  A harpy simulacrum (D:15)
  An acid dragon (D:11)
  12 small abominations
  A human skeleton (Depths:1)
  23 orc warriors
  2 black bears
  Pargi (Sewer)
  2 ice beasts
  A sky beast (D:5)
  A wolf (shapeshifter) (Depths:2)
  5 necrophages
  8 ogres
  5 centaurs
  15 wolves
  A boggart (shapeshifter) (Depths:2)
  4 boggarts (Vaults:3)
  3 phantoms
  4 kobold brigands
  An elf zombie (Crypt:1)
  A fire crab zombie (Crypt:1)
  8 bullfrogs
  A draconian zombie (Crypt:1)
  A komodo dragon zombie (Crypt:2)
  A gnoll sergeant (D:12)
  A yaktaur skeleton (Crypt:2)
  A scorpion (D:4)
  A water moccasin zombie (D:7)
  A polar bear zombie (Crypt:1)
  A water moccasin skeleton (D:4)
  7 wights
  16 killer bees (D:10)
  2 electric eels
  5 howler monkeys
  2 raiju skeletons
  A yak skeleton (Crypt:2)
  4 crimson imps (Gauntlet)
  A bullfrog zombie (D:6)
  9 centaur zombies
  33 orc priests
  A hound (D:5)
  A jelly (D:7)
  29 orc wizards
  3 polar bear simulacra (D:10)
  3 yak simulacra (D:10)
  4 wolf simulacra (D:10)
  2 naga zombies
  A felid skeleton (Crypt:2)
  A hound skeleton (D:5)
  6 mummies (Crypt:3)
  4 howler monkey zombies
  13 gnolls
  A howler monkey skeleton (D:4)
  6 adders
  2 shadow imps (Gauntlet)
  A white imp (D:6)
  3 ufetubi
  An iguana skeleton (Crypt:2)
  An iguana zombie (Crypt:2)
  An adder skeleton (D:4)
  2 dart slugs
  61 orcs
  15 bats
  8 endoplasms
  2 giant cockroaches (D:1)
  A gnoll zombie (Crypt:2)
  9 goblins
  13 hobgoblins
  A jackal (D:4)
  15 kobolds
  10 quokkas
  8 ball pythons
  A dart slug zombie (Crypt:1)
  A frilled lizard (D:1)
  11 rats
  A rat skeleton (Crypt:2)
  A river rat simulacrum (D:10)
  A fire vortex (Depths:4)
  4 tentacles
1948 creatures vanquished.

Vanquished Creatures (others)
  A fire giant (Vaults:3)
  A vault guard (Vaults:5)
  A hell knight (Depths:3)
  A naga sharpshooter (Snake:2)
  A human (Snake:1)
  2 nagas (Snake:2)
  A gnoll sergeant (D:7)
  An orc priest (D:11)
  An orc wizard (Orc:1)
  A bush (Lair:5)
  44 fungi
  70 plants
  10 tentacles
  15 withered plants
150 creatures vanquished.

Grand Total: 2098 creatures vanquished

Notes
Turn   | Place    | Note
-------+----------+-------------------------------------------
     0 | D:1      | protoss039 the Demonspawn Earth Elementalist began the
                  | quest for the Orb.
     0 | D:1      | Reached XP level 1. HP: 13/13 MP: 3/3
   148 | D:1      | Reached skill level 1 in Transmutations
   296 | D:1      | Gained mutation: You regenerate magic rapidly. [demonic
                  | ancestry]
   296 | D:1      | Reached XP level 2. HP: 19/19 MP: 1/5
   571 | D:1      | Found a faded altar of an unknown god.
  1058 | D:1      | Reached skill level 1 in Fighting
  1058 | D:1      | Reached XP level 3. HP: 14/26 MP: 3/6
  1726 | D:2      | Learned a level 2 spell: Passwall
  1730 | D:2      | Learned a level 3 spell: Stone Arrow
  2000 | D:2      | Found Ascharem's Antique Weapon Shoppe.
  2037 | D:2      | Reached skill level 1 in Armour
  2375 | D:2      | Gained mutation: You sometimes gain a little power by
                  | taking damage. [demonic ancestry]
  2375 | D:2      | Reached XP level 4. HP: 32/32 MP: 4/7
  2382 | D:2      | Identified the +0 helmet of Agoraphobia {Will+ Dex-2
                  | Stlth+}
  3148 | D:3      | Found an ancient bone altar of Kikubaaqudgha.
  3219 | D:3      | Found a burning altar of Makhleb.
  3701 | D:4      | Reached skill level 2 in Fighting
  3701 | D:4      | Reached XP level 5. HP: 25/38 MP: 9/9
  3723 | D:4      | Reached skill level 1 in Conjurations
  3769 | D:4      | Identified the +4 robe of Pehi {Int+3 Dex+5}
  3827 | D:4      | Found a staircase to the Ecumenical Temple.
  3841 | Temple   | Entered the Ecumenical Temple
  3994 | D:4      | Found Foladepsis's Armour Shop.
  4083 | D:4      | Found a glowing drain.
  4088 | Sewer    | Entered a sewer
  4125 | Sewer    | Learned a level 3 spell: Mephitic Cloud
  4138 | Sewer    | Noticed Pargi
  4147 | Sewer    | Killed Pargi
  4148 | Sewer    | Gained mutation: You have a small tail. [demonic ancestry]
  4148 | Sewer    | Reached XP level 6. HP: 37/46 MP: 11/11
  4328 | D:4      | Reached skill level 3 in Fighting
  4541 | D:4      | Found a runed translucent gate.
  4541 | D:4      | Found a runed translucent gate.
  4541 | D:4      | Found a runed translucent gate.
  4545 | D:4      | Noticed Seraphu's ghost (amateur GnDe)
  4628 | D:4      | Found a burning altar of Makhleb.
  4652 | D:4      | Gained mutation: You have a tail ending in a sharp stinger.
                  | [demonic ancestry]
  4652 | D:4      | Reached XP level 7. HP: 34/52 MP: 3/13
  5302 | D:4      | Found a radiant altar of Vehumet.
  5690 | D:4      | Became a worshipper of Vehumet
  5725 | D:4      | Killed Seraphu's ghost
  5726 | D:4      | Reached skill level 4 in Fighting
  5841 | D:5      | Entered Level 5 of the Dungeon
  5891 | D:5      | Found a snail-covered altar of Cheibriados.
  6111 | D:5      | Noticed Menkaure
  6116 | D:5      | Killed Menkaure
  6177 | D:5      | Reached XP level 8. HP: 44/61 MP: 15/15
  6368 | D:5      | Reached skill level 5 in Fighting
  6368 | D:5      | Reached skill level 5 in Spellcasting
  6694 | D:5      | Found an opulent altar of Gozag.
  7425 | D:6      | Reached skill level 6 in Fighting
  7828 | D:6      | Learned a level 3 spell: Swiftness
  7963 | D:7      | Gained mutation: When hurt, damage is shared between your
                  | health and your magic reserves. [demonic ancestry]
  7963 | D:7      | Reached XP level 9. HP: 49/69 MP: 18/18
  8278 | D:7      | Reached skill level 5 in Earth Magic
  8845 | D:8      | Found Mynatol's Assorted Antiques.
  8848 | D:8      | Identified the +1 rapier "Duopap" {flame, Will+ Int+4}
  8889 | D:8      | Bought an orange potion for 26 gold pieces
  8889 | D:8      | Bought a scroll labelled MICROO BU IWN for 29 gold pieces
  8898 | D:8      | Reached * piety under Vehumet
  8898 | D:8      | Offered knowledge of Shock by Vehumet.
  8953 | D:8      | Learned a level 4 spell: Iskenderun's Mystic Blast
  9023 | D:8      | Reached skill level 7 in Fighting
  9406 | D:8      | Reached skill level 5 in Conjurations
  9702 | D:9      | Reached ** piety under Vehumet
  9702 | D:9      | Offered knowledge of Foxfire by Vehumet.
  9770 | D:9      | Identified the +3 scale mail of the Cicada {rF+ Str+8}
  9792 | D:9      | Reached skill level 8 in Fighting
  9876 | D:9      | Found a staircase to the Orcish Mines.
  9984 | D:9      | Reached XP level 10. HP: 80/80 MP: 17/20
 10850 | D:10     | Entered Level 10 of the Dungeon
 10963 | D:10     | Offered knowledge of Inner Flame by Vehumet.
 10971 | D:10     | Reached skill level 9 in Fighting
 11398 | D:10     | Noticed a necromancer
 11407 | D:10     | Killed a necromancer
 11448 | D:10     | Reached *** piety under Vehumet
 12277 | D:11     | Found a staircase to the Lair.
 12292 | D:11     | Noticed a six-headed hydra
 12299 | D:11     | Reached skill level 10 in Fighting
 12302 | D:11     | Gained mutation: You sometimes gain power by taking damage.
                  | [demonic ancestry]
 12302 | D:11     | Reached XP level 11. HP: 50/90 MP: 3/23
 12338 | D:11     | Killed a six-headed hydra
 12628 | D:11     | Noticed a two-headed ogre
 12906 | D:11     | Found Nosaivuf's Antique Weapon Emporium.
 13033 | D:11     | Noticed a two-headed ogre
 13037 | D:11     | Killed a two-headed ogre
 13166 | D:11     | Offered knowledge of Frozen Ramparts by Vehumet.
 13522 | D:11     | Killed a two-headed ogre
 14042 | D:12     | Reached skill level 11 in Fighting
 14235 | D:12     | Found Tamid's General Store.
 14235 | D:12     | Noticed a two-headed ogre
 14235 | D:12     | Noticed a boulder beetle
 14238 | D:12     | Noticed a boulder beetle
 14336 | D:11     | Killed a boulder beetle
 14680 | D:12     | Killed a two-headed ogre
 14690 | D:12     | Killed a boulder beetle
 14726 | D:12     | Bought a potion of invisibility for 96 gold pieces
 14726 | D:12     | Bought 2 scrolls of summoning for 228 gold pieces
 14774 | D:12     | Reached **** piety under Vehumet
 14890 | D:13     | Noticed a green ugly thing
 14894 | D:13     | Killed a green ugly thing
 14922 | D:13     | Noticed a boulder beetle
 14930 | D:13     | Noticed a boulder beetle
 14938 | D:13     | Killed a boulder beetle
 14939 | D:13     | Gained mutation: You have an unusually large brain. (Int
                  | +2) [demonic ancestry]
 14939 | D:13     | Reached XP level 12. HP: 38/102 MP: 25/25
 14944 | D:13     | Killed a boulder beetle
 14944 | D:13     | Offered knowledge of Irradiate by Vehumet.
 14944 | D:13     | Noticed a rakshasa
 14984 | D:13     | Killed a rakshasa
 14985 | D:13     | Reached skill level 12 in Fighting
 15305 | D:12     | Learned a level 5 spell: Irradiate
 15660 | D:13     | Found Joebloorch's Antique Weapon Shoppe.
 15775 | D:13     | Noticed a vault guard
 15776 | D:13     | Noticed a centaur warrior
 16052 | D:13     | Killed a vault guard
 16133 | D:13     | Killed a centaur warrior
 16292 | D:13     | Found a gate to the Vaults.
 16488 | D:14     | Found Ebenuedu's Antique Weapon Emporium.
 16488 | D:14     | Noticed a boulder beetle
 16577 | D:14     | Killed a boulder beetle
 16627 | D:14     | Noticed a centaur warrior
 16640 | D:14     | Killed a centaur warrior
 17210 | D:14     | Noticed Snorg
 17221 | D:14     | Noticed a tengu warrior
 17230 | D:14     | Killed Snorg
 17231 | D:14     | Reached skill level 10 in Spellcasting
 17925 | D:14     | Reached skill level 13 in Fighting
 18289 | D:14     | Noticed a centaur warrior
 18311 | D:14     | Killed a centaur warrior
 18318 | D:14     | Gained mutation: You have a sharp stinger which inflicts
                  | weakening toxins. [demonic ancestry]
 18318 | D:14     | Reached XP level 13. HP: 101/111 MP: 17/27
 18362 | D:13     | Reached skill level 5 in Armour
 19416 | D:15     | Entered Level 15 of the Dungeon
 20423 | D:15     | Reached skill level 10 in Conjurations
 20513 | D:15     | Found a staircase to the Depths.
 20552 | D:15     | Identified the +8 morningstar of the Disturbing Xalams
                  | {spect, rN+++ Will- MP+9 Dex+6}
 20787 | D:15     | Reached skill level 14 in Fighting
 21832 | Lair:1   | Entered Level 1 of the Lair of Beasts
 22269 | Lair:1   | Noticed Joseph
 22276 | Lair:1   | Killed Joseph
 22754 | Lair:1   | Identified the +2 scale mail of Distant Shores {rElec rF+
                  | Dex+3}
 23041 | Lair:2   | Found a snail-covered altar of Cheibriados.
 23182 | Lair:2   | Found a staircase to the Snake Pit.
 23234 | Lair:2   | Reached ***** piety under Vehumet
 23234 | Lair:2   | Offered knowledge of Hailstorm by Vehumet.
 24759 | Lair:3   | Noticed Gastronok
 24769 | Lair:3   | Killed Gastronok
 24770 | Lair:3   | Reached skill level 15 in Fighting
 24770 | Lair:3   | Gained mutation: You have an extremely huge brain. (Int +4)
                  | [demonic ancestry]
 24770 | Lair:3   | Reached XP level 14. HP: 121/123 MP: 29/29
 24934 | Lair:3   | Found a staircase to the Shoals.
 26397 | Lair:5   | Found a gate leading to a gauntlet.
 26402 | Gauntlet | Entered a Gauntlet
 26402 | Gauntlet | Found a transporter.
 26402 | Gauntlet | Found a transporter.
 26402 | Gauntlet | Found a transporter.
 26481 | Gauntlet | Found a transporter.
 26495 | Gauntlet | Found a transporter.
 26507 | Gauntlet | Found a transporter.
 26513 | Gauntlet | Found a transporter.
 26529 | Gauntlet | Found a transporter.
 26533 | Gauntlet | Found a transporter.
 26543 | Gauntlet | Found a transporter.
 26547 | Gauntlet | Found a transporter.
 26606 | Gauntlet | Found a transporter.
 26814 | Gauntlet | Identified the amulet "Zad Icoo" {Acrobat Fly rN+}
 27580 | Lair:5   | Reached skill level 16 in Fighting
 27830 | Lair:6   | Entered Level 6 of the Lair of Beasts
 27830 | Lair:6   | Found a runed translucent door.
 27830 | Lair:6   | Found a viscous altar of Jiyva.
 27850 | Lair:6   | Offered knowledge of Eringya's Noxious Bog by Vehumet.
 28581 | Lair:3   | Got Sif Muna's Papyrus of the Snowflakes
 28616 | Lair:3   | Learned a level 5 spell: Freezing Cloud
 28735 | Lair:6   | Reached XP level 15. HP: 118/132 MP: 31/31
 28905 | Lair:6   | Noticed Josephine
 28914 | Lair:6   | Killed Josephine
 29452 | Lair:6   | Found a corrupted altar of Lugonu.
 29452 | Lair:6   | Found a one-way gate to the infinite horrors of the Abyss.
 30205 | Lair:6   | Found a staircase to the Slime Pits.
 30650 | Orc:1    | Entered Level 1 of the Orcish Mines
 30797 | D:4      | Bought the quicksilver dragon scales "Edaevor" {Will+ MP+9
                  | SInv} for 1171 gold pieces
 31306 | Orc:1    | Reached skill level 17 in Fighting
 31508 | Orc:1    | Found a radiant altar of Vehumet.
 31556 | Orc:2    | Entered Level 2 of the Orcish Mines
 31576 | Orc:2    | Reached ****** piety under Vehumet
 31605 | Orc:2    | Offered knowledge of Lee's Rapid Deconstruction by Vehumet.
 31778 | Orc:2    | Found a staircase to the Elven Halls.
 31926 | Orc:2    | Found Pahaxoje's Magic Scroll Shop.
 31926 | Orc:2    | Found Kipraj's Armour Boutique.
 31926 | Orc:2    | Found Gojis's Assorted Antiques.
 32175 | Orc:2    | Found Quorgh's Book Shop.
 32183 | Orc:2    | Bought a scroll of magic mapping for 70 gold pieces
 32183 | Orc:2    | Bought a scroll of identify for 40 gold pieces
 32183 | Orc:2    | Bought a potion of mutation for 160 gold pieces
 32186 | Orc:2    | Bought a scroll of fear for 49 gold pieces
 32186 | Orc:2    | Bought a scroll of identify for 28 gold pieces
 32186 | Orc:2    | Bought a scroll of magic mapping for 49 gold pieces
 32186 | Orc:2    | Bought a scroll of teleportation for 42 gold pieces
 32186 | Orc:2    | Bought a scroll of fog for 28 gold pieces
 32966 | Snake:1  | Entered Level 1 of the Snake Pit
 33473 | Snake:1  | Noticed Kirke
 33483 | Snake:1  | Killed Kirke
 34719 | Snake:1  | Gained mutation: When low on magic, you restore magic in
                  | place of health. [demonic ancestry]
 34719 | Snake:1  | Reached XP level 16. HP: 60/142 MP: 25/33
 35174 | Snake:1  | Found Bioxam's General Store.
 35427 | Snake:2  | Noticed Nikola
 35576 | Snake:2  | Offered knowledge of Iron Shot by Vehumet.
 35585 | Snake:2  | Learned a level 6 spell: Iron Shot
 36421 | Snake:2  | Identified the +1 leather armour of Anut {+Inv rN++}
 36433 | Snake:2  | Killed Nikola
 36434 | Snake:2  | Reached skill level 18 in Fighting
 36628 | Snake:2  | Found Leinoled's Self-Improvement Boutique.
 37340 | Snake:3  | Noticed Asterion
 37347 | Snake:3  | Killed Asterion
 38098 | Snake:3  | Identified Roxanne's Almanac of Changing
 38098 | Snake:3  | Noticed Roxanne
 38105 | Snake:3  | Killed Roxanne
 38388 | Snake:3  | Noticed Vashnia
 39485 | Snake:3  | Found a sacrificial altar of Ru.
 40007 | Snake:3  | Killed Vashnia
 40469 | Snake:4  | Entered Level 4 of the Snake Pit
 40487 | Snake:4  | Noticed Louise
 40629 | Snake:4  | Killed Louise
 40975 | Snake:4  | Gained mutation: Your hexes are more powerful. [demonic
                  | ancestry]
 40975 | Snake:4  | Reached XP level 17. HP: 151/151 MP: 35/35
 41148 | Snake:4  | Offered knowledge of Lightning Bolt by Vehumet.
 41389 | Snake:4  | Reached skill level 15 in Spellcasting
 41586 | Snake:4  | Reached skill level 19 in Fighting
 41764 | Snake:4  | Reached skill level 10 in Armour
 43652 | Snake:4  | Offered knowledge of Orb of Destruction by Vehumet.
 43913 | Snake:4  | Got a serpentine rune of Zot
 43997 | Snake:4  | Learned a level 7 spell: Orb of Destruction
 44151 | Shoals:1 | Entered Level 1 of the Shoals
 44681 | Shoals:1 | Noticed Aizul
 44690 | Shoals:1 | Killed Aizul
 45603 | Shoals:1 | Noticed a kraken
 45665 | Shoals:1 | Killed a kraken
 46147 | Shoals:2 | Noticed Polyphemus
 46153 | Shoals:2 | Killed Polyphemus
 46154 | Shoals:2 | Reached XP level 18. HP: 142/162 MP: 38/38
 46349 | Shoals:2 | Reached skill level 20 in Fighting
 47207 | Shoals:2 | Identified the +3 ring mail of Makhleb {Int+3}
 47374 | Shoals:3 | Got Weuh's Papyrus of Cold
 48052 | Shoals:4 | Entered Level 4 of the Shoals
 48090 | Shoals:4 | Found Opigeifu's Assorted Antiques.
 48134 | Shoals:4 | Bought a scroll of fog for 74 gold pieces
 48194 | Shoals:4 | Offered knowledge of Ignition by Vehumet.
 48220 | Shoals:3 | Learned a level 8 spell: Ignition
 48830 | Shoals:4 | Identified the +6 whip "Dawk" {freeze, Str+9}
 48860 | Shoals:4 | Reached skill level 1 in Fire Magic
 48978 | Shoals:4 | Found Poal's Jewellery Shoppe.
 49261 | Shoals:4 | Found Ziolaula's General Store.
 49270 | Shoals:4 | Bought a wand of digging (3) for 266 gold pieces
 49270 | Shoals:4 | Bought a scroll of magic mapping for 66 gold pieces
 49270 | Shoals:4 | Bought a potion of curing for 57 gold pieces
 50064 | Shoals:4 | Got a barnacled rune of Zot
 50144 | Shoals:4 | Identified the +3 hand axe "Pynev" {drain, rF+ Str+2}
 50494 | Shoals:4 | Noticed Ilsuiw
 50513 | Shoals:4 | Killed Ilsuiw
 50561 | Shoals:4 | Identified the +7 scimitar "Nevaupir" {vorpal, rF+ rC+}
 50574 | Shoals:4 | Learned a level 6 spell: Statue Form
 50834 | Elf:1    | Entered Level 1 of the Elven Halls
 51585 | Elf:1    | Offered knowledge of Shatter by Vehumet.
 51585 | Elf:1    | Offered knowledge of Chain Lightning by Vehumet.
 51585 | Elf:1    | Offered knowledge of Maxwell's Capacitive Coupling by
                  | Vehumet.
 52241 | Elf:2    | Noticed an Ice Fiend
 52336 | Elf:2    | Paralysed by an air elemental for 1 turns
 52340 | Elf:2    | Paralysed by an air elemental for 1 turns
 52725 | Elf:2    | Found Fana's Antique Weapon Shop.
 52789 | Elf:2    | Reached skill level 15 in Conjurations
 52798 | Elf:2    | Reached XP level 19. HP: 159/170 MP: 22/39
 53407 | Elf:2    | Found a runed translucent gate.
 53407 | Elf:2    | Found a runed translucent gate.
 53407 | Elf:2    | Found a runed translucent gate.
 53801 | Elf:2    | Reached skill level 1 in Shields
 54609 | Elf:2    | Reached skill level 10 in Earth Magic
 55149 | Elf:3    | Entered Level 3 of the Elven Halls
 55423 | Elf:3    | Found Qothrocwe's Antique Armour Shoppe.
 55431 | Elf:3    | Bought a pair of jewelled gloves for 342 gold pieces
 55431 | Elf:3    | Identified the +0 pair of gloves "Mostrus" {rPois rF+
                  | Regen+} (You bought it in a shop on level 3 of the Elven
                  | Halls)
 55933 | Elf:3    | Reached skill level 5 in Transmutations
 56251 | Elf:3    | Found an ancient bone altar of Kikubaaqudgha.
 56909 | Elf:3    | Identified the +5 lajatang "Lasaagy" {protect, rCorr Str+2}
 56932 | Elf:3    | Reached skill level 21 in Fighting
 57041 | Elf:3    | Identified the +7 broad axe of Cyvesk {chaos, rCorr Int+2}
 57041 | Elf:3    | Identified the amulet "Faqugog" {Faith rElec rPois Will-}
 57103 | Elf:3    | Found the +0 mask of the Dragon {Will+ Slay+3 SInv}
 57141 | Elf:3    | Identified the +3 hand axe of Execution {drain, rElec}
 57144 | Elf:3    | Identified the +3 short sword "Beetleslayer" {freeze, rC+
                  | Will+ Int+4}
 57180 | Elf:3    | Found the +7 Spriggan's Knife {stab, EV+4 Stlth+}
 57571 | Vaults:1 | Entered Level 1 of the Vaults
 57653 | Vaults:1 | Reached skill level 5 in Shields
 57789 | Vaults:1 | Reached skill level 1 in Necromancy
 57854 | Vaults:1 | Found a flickering gateway to a bazaar.
 57860 | Bazaar   | Entered a bazaar
 57922 | Bazaar   | Found Weetabaz's Assorted Antiques.
 57980 | Bazaar   | Found Bynejino's Jewellery Boutique.
 57991 | Bazaar   | Found Iciun's Jewellery Emporium.
 58033 | Bazaar   | Found Quvew's Jewellery Emporium.
 58135 | Bazaar   | Bought a potion of curing for 39 gold pieces
 58165 | Bazaar   | Bought the ring of Egeewuo {Wiz rPois rC+ Str-5 Int+8} for
                  | 381 gold pieces
 58361 | Vaults:1 | Gained mutation: Your melee attacks may debilitate your
                  | foes. [demonic ancestry]
 58361 | Vaults:1 | Reached XP level 20. HP: 180/180 MP: 41/41
 59940 | Vaults:2 | Found a staircase to the Crypt.
 59940 | Vaults:2 | Found an ancient bone altar of Kikubaaqudgha.
 59940 | Vaults:2 | Found a basalt altar of Yredelemnul.
 60626 | Vaults:2 | Reached skill level 5 in Necromancy
 61845 | Vaults:3 | Reached XP level 21. HP: 186/186 MP: 42/42
 62801 | Vaults:4 | Noticed Mara
 62809 | Vaults:4 | Noticed protoss039's illusion
 62811 | Vaults:4 | Killed Mara
 63077 | Vaults:4 | Noticed Bai Suzhen
 63086 | Vaults:4 | Killed Bai Suzhen
 63992 | Vaults:4 | Found a huge runed gate.
 63992 | Vaults:4 | Found a huge runed gate.
 63992 | Vaults:4 | Found a huge runed gate.
 63992 | Vaults:4 | Found a huge runed gate.
 63993 | Vaults:4 | Found a huge runed gate.
 63993 | Vaults:4 | Found a huge runed gate.
 63993 | Vaults:4 | Found a huge runed gate.
 63994 | Vaults:4 | Found a huge runed gate.
 63994 | Vaults:4 | Found a huge runed gate.
 63994 | Vaults:4 | Found a huge runed gate.
 63998 | Vaults:4 | Found a huge runed gate.
 63998 | Vaults:4 | Found a huge runed gate.
 63998 | Vaults:4 | Found a huge runed gate.
 63998 | Vaults:4 | Found a huge runed gate.
 63998 | Vaults:4 | Found a huge runed gate.
 63998 | Vaults:4 | Found a huge runed gate.
 63999 | Vaults:4 | Found a huge runed gate.
 64000 | Vaults:4 | Found a huge runed gate.
 64001 | Vaults:4 | Found a huge runed gate.
 64009 | Vaults:4 | Found a huge runed gate.
 64009 | Vaults:4 | Found a huge runed gate.
 64009 | Vaults:4 | Found a huge runed gate.
 64009 | Vaults:4 | Found a huge runed gate.
 64009 | Vaults:4 | Found a huge runed gate.
 64009 | Vaults:4 | Found a huge runed gate.
 64010 | Vaults:4 | Found a huge runed gate.
 64011 | Vaults:4 | Found a huge runed gate.
 64012 | Vaults:4 | Found a huge runed gate.
 64020 | Vaults:4 | Found a huge runed gate.
 64020 | Vaults:4 | Found a huge runed gate.
 64020 | Vaults:4 | Found a huge runed gate.
 64020 | Vaults:4 | Found a huge runed gate.
 64020 | Vaults:4 | Found a huge runed gate.
 64020 | Vaults:4 | Found a huge runed gate.
 64021 | Vaults:4 | Found a huge runed gate.
 64022 | Vaults:4 | Found a huge runed gate.
 64255 | Crypt:1  | Entered Level 1 of the Crypt
 64991 | Crypt:1  | Reached skill level 15 in Earth Magic
 65316 | Crypt:1  | Learned a level 8 spell: Lehudib's Crystal Spear
 65564 | Crypt:2  | Reached skill level 10 in Necromancy
 65566 | Crypt:2  | Gained mutation: You are surrounded by an aura of silence.
                  | [demonic ancestry]
 65566 | Crypt:2  | Reached XP level 22. HP: 129/190 MP: 44/44
 65610 | Crypt:2  | Found a basalt altar of Yredelemnul.
 66282 | Crypt:3  | Entered Level 3 of the Crypt
 67655 | Crypt:3  | Found a staircase to the Tomb.
 67663 | Crypt:3  | Noticed a dread lich
 67664 | Crypt:3  | Killed a dread lich
 67699 | Crypt:3  | Identified the ring "Qeh Sad" {Ice rPois rN+++ Str-3 SInv}
 68252 | Depths:1 | Entered Level 1 of the Depths
 68648 | Depths:1 | Found a portal to a secret trove of treasure.
 68698 | Depths:1 | Found a gateway to Hell.
 68758 | Depths:1 | Found Zin's Purification Station.
 68767 | Depths:1 | Bought a potion of curing for 90 gold pieces
 68956 | Depths:2 | Noticed Sojobo
 69054 | Depths:2 | Killed Sojobo
 69186 | Depths:2 | Found a one-way gateway to a ziggurat.
 69249 | Depths:2 | Noticed a caustic shrike
 69260 | Depths:2 | Killed a caustic shrike
 69465 | Depths:2 | Found a one-way gate leading to the halls of Pandemonium.
 69885 | Depths:2 | Reached XP level 23. HP: 187/188 MP: 46/46
 70180 | Depths:2 | Noticed a caustic shrike
 70184 | Depths:2 | Killed a caustic shrike
 70551 | Depths:2 | Reached skill level 15 in Necromancy
 70734 | Depths:2 | Identified the +4 broad axe of Tehanux {vorpal, Stlth+}
 70903 | Depths:2 | Identified the +1 scale mail "Pyskong" {rC++ Will+ rCorr}
 70925 | Depths:2 | Learned a level 9 spell: Shatter
 70936 | Depths:2 | Learned a level 8 spell: Necromutation
 71075 | Depths:3 | Noticed Saint Roka
 71081 | Depths:3 | Killed Saint Roka
 71484 | Depths:3 | Identified the +3 leather armour of Bucemets {Rampage rF++
                  | Dex-2 SInv}
 72199 | Depths:3 | Noticed Xtahua
 72202 | Depths:3 | Killed Xtahua
 72414 | Depths:3 | Identified the +6 quarterstaff "Just" {freeze, rPois rF-
                  | Will+ MP+9}
 72414 | Depths:3 | Identified the amulet of Gluttony {RegenMP rC++ Will-
                  | Dex+2}
 72464 | Depths:3 | Identified the amulet of Paranoia {Acrobat rElec rF- Dex+4}
 72602 | Depths:4 | Entered Level 4 of the Depths
 72607 | Depths:4 | Noticed a caustic shrike
 72608 | Depths:4 | Noticed a caustic shrike
 72612 | Depths:4 | Noticed a caustic shrike
 72766 | Depths:2 | Killed a caustic shrike
 72867 | Depths:3 | Killed a caustic shrike
 73089 | Depths:4 | Noticed a caustic shrike
 73090 | Depths:4 | Noticed a caustic shrike
 73093 | Depths:4 | Killed a caustic shrike
 73093 | Depths:4 | Noticed a caustic shrike
 73097 | Depths:4 | Killed a caustic shrike
 73099 | Depths:4 | Killed a caustic shrike
 73104 | Depths:4 | Killed a caustic shrike
 73300 | Depths:4 | Reached skill level 10 in Transmutations
 73804 | Depths:4 | Noticed a caustic shrike
 73804 | Depths:4 | Noticed a caustic shrike
 73805 | Depths:4 | Noticed a caustic shrike
 73818 | Depths:4 | Killed a caustic shrike
 73819 | Depths:4 | Gained mutation: You have an absolutely massive brain. (Int
                  | +6, Wiz) [demonic ancestry]
 73819 | Depths:4 | Reached XP level 24. HP: 74/208 MP: 39/47
 73823 | Depths:4 | HP: 10/208 [caustic shrike (18)]
 73828 | Depths:4 | HP: 6/208 [caustic shrike (2)]
 73828 | Depths:4 | HP: 1/208 [caustic shrike (4)]
 74475 | Depths:4 | Found a gate to the Realm of Zot.
 74883 | Vaults:5 | Entered Level 5 of the Vaults
 74898 | Vaults:5 | Noticed a dread lich
 74907 | Vaults:5 | Killed a dread lich
 74913 | Vaults:5 | Noticed Mennas
 74970 | Vaults:5 | Identified the +9 flail of Domination {protect, Str-3
                  | Dex+7}
 74982 | Vaults:5 | Identified the ring of Xaotsup {rC+ rCorr Slay+3}
 74987 | Vaults:5 | Identified the ring of Spite {rC+ Int+3 Dex+2}
 75130 | Vaults:5 | HP: 8/208 [Mennas/+1 trishula of holy wrath (5)]
 75131 | Vaults:5 | Slain by Mennas

Illustrated notes

Levels and vault maps discovered:
D:1:      dpeg_cavernosity, layout_rooms, hellmonk_ecumenical_altar_zigzags
D:2:      layout_basic, serial_shops, nicolae_shop_hallway_stairs
D:3:      cheibrodos_greedy_goblins, layout_rooms, nicolae_overflow_squiral,
          bh_walls_and_bars
D:4:      layout_layer_cave, kennysheep_mini, minmay_temple_entry_large_hall,
          serial_shops, nicolae_shop_hallway_stairs, gup_sewer_entry_spiral,
          ebering_ghost_rock_garden, minmay_ruined_shrine
D:5:      layout_loops_ring, grunt_gozag_statues,
          mainiacjoe_overflow_concentric_impassable, uniq_menkaure
D:6:      layout_basic
D:7:      layout_gridville
D:8:      lemuel_ice_spiral_2, layout_rooms, elyvilon_altar_5, serial_shops,
          shop
D:9:      layout_irregular_city, erik_orc_4, minmay_misc_feat_diagonals
D:10:     layout_rooms, eino_house_with_fridge
D:11:     layout_grid_maze, erik_lair_orcish_takeover, serial_shops,
          nicolae_shop_behind_doors
D:12:     layout_rooms, kennysheep_small_square
D:13:     layout_loops_ring, david_vaults_5, serial_shops, shop
D:14:     layout_cave_pools, serial_shops, shop, minmay_misc_feat_secret_circle,
          uniq_snorg
D:15:     gammafunk_depths_entry_grave, layout_loops_ring, chequers_garden,
          st_stairs_7
Temple:   eino_temple_scatter_basement
Lair:1:   layout_regular_city, uniq_joseph
Lair:2:   layout_regular_city, guppyfry_snake_entry_garden,
          kennysheep_snail_temple
Lair:3:   layout_cave_pods, minmay_shoals_entry_hut, minmay_lindwurm_lava,
          serial_bayou_shore_a, uniq_gastronok
Lair:4:   layout_long_grid
Lair:5:   layout_roguey, gauntlet_entry_generic,
          nicolae_lair_run_with_the_wolves
Lair:6:   hellmonk_lair_end_abyssal_woods, layout_regular_city, slime_altar_2,
          uniq_josephine
Shoals:1: layout_shoals, uniq_aizul
Shoals:2: layout_shoals, uniq_polyphemus
Shoals:3: layout_shoals, yaktaur_hedge
Shoals:4: shoals_end_grunt_ice, layout_shoals, shoals_ilsuiw_alternative,
          serial_shops, shop, nicolae_square_shop,
          nicolae_shop_overgrown_old_shop
Snake:1:  nicolae_snake_shooting_gallery, layout_onion, serial_shops, shop,
          uniq_kirke
Snake:2:  layout_misc_corridors, nicolae_shop_self_help, uniq_nikola
Snake:3:  layout_chambers, nicolae_snake_gridmaze_spiral,
          hangedman_feature_mirror, hangedman_venom_bottle, uniq_roxanne,
          uniq_asterion, uniq_vashnia
Snake:4:  minmay_snake_end_coiled, layout_cave_town, basic_altar,
          nicolae_snake_gridmaze_tees, st_stairs_11, uniq_louise
Orc:1:    layout_caves, basic_altar
Orc:2:    st_orc_mages, layout_caves
Elf:1:    layout_loops_cross
Elf:2:    elven_hall_of_blades_hangedman_original [nooodl_blade_entry_preview],
          layout_gridlike, serial_shops, nicolae_shop_stone,
          nicolae_elf_deep_friendship
Elf:3:    minmay_elf_hall_not_hex, layout_loops_corners, basic_altar,
          serial_shops, shop_fountains
Vaults:1: hangedman_vaults_corner_blocks, nicolae_vaults_diagonal_hallway_6,
          ontoclasm_vaults_twist, ontoclasm_vaults_gateway,
          hangedman_vaults_impose, grunt_vaults_swirl, hangedman_vaults_impose,
          vaults_room_octagon, vaults_mumra_hex, nicolae_vaults_alarming,
          hangedman_vaults_trim, layout_vaults_quadrants, serial_shops,
          bzr_entry_safe
Vaults:2: nicolae_vaults_asterisk, grunt_vaults_trifunnel,
          minmay_crypt_entry_necro_gods, dpeg_vaults_monster_row, v_misc_12,
          nicolae_vaults_border_crossing, v_misc_29, hangedman_vaults_slice,
          nicolae_vaults_angled_halls, layout_vaults_ring
Vaults:3: vaults_room_grunt_arrival_ludios, vaults_room_boxed,
          nicolae_vaults_yaktaur_gun_rack, ontoclasm_vaults_gallery,
          hangedman_vaults_nodes, nicolae_vaults_circle_grid_a,
          ontoclasm_vaults_pinch, vaults_room_semicircle,
          hangedman_vaults_river_flow, hangedman_vaults_variations,
          ontoclasm_vaults_shuriken, vaults_dpeg_ring, layout_vaults_big_cross
Vaults:4: nicolae_vaults_big_ls, hangedman_vaults_restitches, v_misc_2,
          vaults_room_corners, nicolae_vaults_little_squares_2,
          not_door_vault_due, v_misc_30, nicolae_vaults_three_branches,
          layout_vaults_chaotic_city, uniq_bai_suzhen, uniq_mara
Vaults:5: uniq_mennas
Crypt:1:  layout_gridlike, roderic_lattice_octagonal_star
Crypt:2:  layout_rooms, basic_altar, grunt_ministairs_13, grunt_megastairs_5
Crypt:3:  quadcrypt_mu
Depths:1: layout_twisted_cross, enter_trove_5, grunt_metal_band,
          chequers_serial_rivers_room_b, grunt_decor_fettered, zin_purify
Depths:2: vault_1, layout_cave_pools, enter_ziggurat_e, pan_entry,
          abyss_entry_crystal, minmay_misc_feat_chi, pf_hell_entry_tar_river,
          serial_bayou_shore_b, uniq_sojobo
Depths:3: minmay_the_grid_3x3 [minmay_the_grid_broken_lines,
          minmay_the_grid_rooms, minmay_the_grid_minigrid_large,
          minmay_the_grid_plusring, minmay_the_grid_odd_star,
          minmay_the_grid_tree, minmay_the_grid_box_x, minmay_the_grid_square_x,
          minmay_the_grid_prize_trominoes], layout_cave_pools, abyss_entry,
          hellmouth_1, uniq_xtahua, uniq_saint_roka
Depths:4: evilmike_zot_entry_hall, layout_basic, hell_entry

Skill      XL: |  1  2  3  4  5  6  7  8  9 10 11 12 13 14 15 16 17 18 19 20 21 22 23 24 |
---------------+-------------------------------------------------------------------------+-----
Transmutations | 1 3 6 8 10 | 10.6
Stealth        | 2 3 |  3.0
Dodging        | 2 3 |  3.0
Fighting       | 1 2 3 4 6 8 10 11 13 15 16 17 18 19 20 21 | 21.0
Earth Magic    | 3 4 6 7 8 9 11 13 15 | 15.6
Armour         | 1 2 3 4 6 7 8 9 10 11 12 13 14 | 14.1
Spellcasting   | 3 4 6 7 8 9 10 11 12 13 14 16 17 18 19 20 | 20.8
Conjurations   | 1 2 4 5 6 8 9 10 11 12 13 14 15 | 15.0
Fire Magic     | 3 |  3.0
Shields        | 5 8 9 |  9.0
Necromancy     | 1 6 10 14 16 17 | 17.2

Action                   |  1- 3 |  4- 6 |  7- 9 | 10-12 | 13-15 | 16-18 | 19-21 | 22-24 || total
-------------------------+-------+-------+-------+-------+-------+-------+-------+-------++-------
Melee: Unarmed           |     4 |       |       |       |       |       |       |       ||     4
       Dagger            |    39 |       |       |       |       |       |       |       ||    39
       Short sword       |    50 |    92 |    14 |       |       |       |    87 |    47 ||   290
       Punch             |     1 |       |     2 |     3 |    11 |     2 |       |       ||    19
       Whip              |       |       |    15 |       |       |       |       |       ||    15
       Tailslap          |       |       |     7 |    15 |    88 |    16 |    37 |    30 ||   193
       Rapier            |       |       |    17 |    39 |     6 |       |       |       ||    62
       Spear             |       |       |       |    56 |    19 |       |       |       ||    75
       Morningstar       |       |       |       |       |   370 |    66 |    30 |    28 ||   494
       Scimitar          |       |       |       |       |       |     1 |    21 |       ||    22
       Broad axe         |       |       |       |       |       |       |       |    23 ||    23
 Cast: Sandblast         |    38 |    59 |    36 |    78 |    35 |     6 |       |       ||   252
       Stone Arrow       |       |    13 |   139 |   208 |   331 |    74 |    20 |       ||   785
       Passwall          |       |     1 |       |     1 |       |     2 |       |     4 ||     8
       Mephitic Cloud    |       |       |     8 |    35 |    31 |     5 |    15 |     1 ||    95
       Iskenderun's Myst |       |       |     2 |    21 |    19 |    14 |    99 |   124 ||   279
       Swiftness         |       |       |       |       |     2 |     1 |     2 |     1 ||     6
       Irradiate         |       |       |       |       |    23 |       |       |       ||    23
       Freezing Cloud    |       |       |       |       |    43 |   177 |   138 |    51 ||   409
       Iron Shot         |       |       |       |       |       |   447 |   508 |   359 ||  1314
       Orb of Destructio |       |       |       |       |       |   113 |    26 |    10 ||   149
       Statue Form       |       |       |       |       |       |       |     1 |       ||     1
       Lehudib's Crystal |       |       |       |       |       |       |     6 |   161 ||   167
       Shatter           |       |       |       |       |       |       |       |     7 ||     7
       Necromutation     |       |       |       |       |       |       |       |     2 ||     2
 Abil: End Transformatio |       |       |       |       |       |       |     1 |     1 ||     2
Evoke: Wand              |       |       |       |     3 |     1 |       |       |     2 ||     6
       Condenser vane    |       |       |       |       |     1 |       |       |       ||     1
       Phantom mirror    |       |       |       |       |       |     1 |       |       ||     1
  Use: Scroll            |       |     1 |     6 |    10 |    14 |     6 |     4 |    13 ||    54
       Potion            |       |       |     1 |     6 |     2 |     2 |     3 |    10 ||    24
 Stab: Sleeping          |     3 |     2 |     2 |       |     1 |       |       |       ||     8
       Confused          |       |       |       |    10 |     3 |       |     6 |       ||    19
       Distracted        |       |       |       |       |     2 |     1 |       |       ||     3
Armor: Robe              |    26 |    48 |    39 |   102 |    43 |       |       |       ||   258
       Skin              |       |       |       |    18 |       |       |       |       ||    18
       Scale mail        |       |       |       |       |   315 |     8 |       |       ||   323
       Quicksilver drago |       |       |       |       |    44 |   184 |   173 |   180 ||   581
       Ring mail         |       |       |       |       |    19 |     3 |       |       ||    22
Dodge: Dodged            |    74 |   105 |    58 |   147 |   386 |   250 |   195 |   177 ||  1392
Block: Buckler           |       |       |       |       |       |       |   179 |   142 ||   321
